 Dungeon Crawl Stone Soup version 0.21-a0-241-g2cbab09 (webtiles) character file.

310 brknglss the Conjurer (level 6, -5/48 HPs)
             Began as a Draconian Conjurer on Sept 4, 2017.
             Was a Follower of Vehumet.
             Slain by a scorpion (9 damage)
             ... in an ossuary.
             The game lasted 00:08:00 (4009 turns).

brknglss the Conjurer (Draconian Conjurer)          Turns: 4009, Time: 00:08:01

Health: -5/48      AC:  6    Str: 11    XL:     6   Next: 17%
Magic:  0/10       EV: 12    Int: 17    God:    Vehumet [*.....]
Gold:   119        SH:  0    Dex: 11    Spells: 7/11 levels left

rFire    . . .     SeeInvis .   c - +1 dagger (protect)
rCold    . . .     Gourm    .   (no shield)
rNeg     . . .     Faith    .   (armour unavailable)
rPois    .         Spirit   .   (helmet restricted)
rElec    .         Reflect  .   (no cloak)
rCorr    .         Harm     .   (no gloves)
MR       .....                  (no boots)
Stlth    ++........             (no amulet)
HPRegen  0.16/turn              (no ring)
MPRegen  0.12/turn              (no ring)

@: no status effects
A: unfitting armour, cold-blooded, AC +6
a: Renounce Religion


You were in an ossuary.
You worshipped Vehumet.
Vehumet was aware of your devotion.
You were very hungry.

You visited 1 branch of the dungeon, and saw 4 of its levels.
You also visited: Ossuary.

You collected 119 gold pieces.

Inventory:

Hand Weapons
 c - a +1 dagger of protection (weapon)
Missiles
 l - 66 stones (quivered)
Jewellery
 k - an uncursed ring of wizardry {unknown}
 q - a +4 ring of evasion {unknown}
Scrolls
 f - 2 scrolls of remove curse {unknown}
 r - a scroll of teleportation {unknown}
 s - a scroll of fear {unknown}
 t - a scroll of identify {unknown}
Potions
 d - 2 potions of mutation {unknown}
 e - 2 potions of haste {unknown}
 g - 2 potions of brilliance {unknown}
 h - 3 potions of lignification {unknown}
 i - a potion of heal wounds {unknown}
 n - a potion of might {unknown}
 o - a potion of ambrosia {unknown}
Books
 a - a book of Conjurations

   Spells                             Type                      Level
   a - Magic Dart                     Conjuration                  1
   b - Searing Ray                    Conjuration                  2
   c - Dazzling Spray                 Conjuration/Hexes            3
   d - Fulminant Prism                Conjuration/Hexes            4
   e - Force Lance                    Conjuration/Translocation    4
   f - Iskenderun's Mystic Blast      Conjuration                  4
 p - a book of Geomancy

   Spells                             Type                      Level
   a - Sandblast                      Earth                        1
   b - Passwall                       Transmutation/Earth          2
   c - Stone Arrow                    Conjuration/Earth            3
   d - Petrify                        Transmutation/Earth          4
   e - Lee's Rapid Deconstruction     Earth                        5
Comestibles
 b - a bread ration
 j - 3 meat rations
 m - 3 fruits


   Skills:
 + Level 2.2 Fighting
 + Level 2.3 Dodging
 + Level 2.9 Stealth
 + Level 3.2 Spellcasting
 * Level 5.3 Conjurations
 + Level 1.6 Earth Magic


You had 7 spell levels left.
You knew the following spells:

 Your Spells              Type           Power        Failure   Level  Hunger
a - Magic Dart            Conj           ###.         1%          1    None
b - Stone Arrow           Conj/Erth      ##....       12%         3    ###....


Dungeon Overview and Level Annotations

Branches:
Dungeon (4/15)
 Temple: D:4-7

Altars:
Dithmenos
Elyvilon
Vehumet


Innate Abilities, Weirdness & Mutations

Your plain brown scales are hard. (AC +6)
You cannot fit into any form of body armour.
You are cold-blooded and may be slowed by cold attacks.


Message History

You closely miss the scorpion.
The scorpion is heavily wounded.
The scorpion closely misses you.
You closely miss the scorpion.
The scorpion is heavily wounded.
The scorpion stings you.
* * * LOW HITPOINT WARNING * * *
The scorpion misses you.
Casting: Magic Dart
Confirm with . or Enter, or press ? or * to list all spells.
Aiming: Magic Dart
Press: ? - help, Shift-Dir - straight line, f/p - scorpion
Aim: a scorpion (heavily wounded)
The magic dart hits the scorpion.
The scorpion is severely wounded.
The scorpion stings you but does no damage.
The scorpion barely misses you.
There is an open door here.
The scorpion stings you!
You die...

######### #...#...#
#...8...+ #.......#
##8...8##############
#.......#...#...#...#
#...8...#...8...'.∩.#
#...#.s@#.......#...#
######'###8...8###'##
#.!M#^^^#.......#...#
+?.?#...'...8...#.∩.#
#!?.#.^.#...#...#...#
#####################


You could see a scorpion.

Vanquished Creatures
  An ogre (D:3)
  A scorpion (Ossuary)
  A centaur skeleton (D:3)
  A mummy (D:4)
  3 adders
  2 scorpion zombies (Ossuary)
  2 worms
  3 dart slugs
  2 leopard geckos (D:2)
  2 orcs (D:3)
  A giant cockroach (D:2)
  5 goblins
  7 hobgoblins
  5 jackals (D:1)
  2 quokkas
  3 ball pythons
  12 bats
  6 frilled lizards
  A goblin zombie (Ossuary)
  9 kobolds
  An orc zombie (D:4)
  13 rats
83 creatures vanquished.

Notes
Turn   | Place    | Note
-------+----------+-------------------------------------------
     0 | D:1      | brknglss the Draconian Conjurer began the quest for the Orb.
     0 | D:1      | Reached XP level 1. HP: 14/14 MP: 3/3
   427 | D:1      | Reached XP level 2. HP: 22/22 MP: 5/5
  1160 | D:1      | Reached XP level 3. HP: 24/27 MP: 6/6
  1316 | D:2      | Reached skill level 1 in Fighting
  1742 | D:2      | Found a white marble altar of Elyvilon.
  2095 | D:2      | Learned a level 3 spell: Stone Arrow
  2138 | D:2      | Reached XP level 4. HP: 32/35 MP: 7/7
  2210 | D:2      | Found a radiant altar of Vehumet.
  2245 | D:2      | Became a worshipper of Vehumet
  2732 | D:3      | Found a faded altar of an unknown god.
  3224 | D:3      | Reached XP level 5. HP: 32/40 MP: 4/9
  3345 | D:3      | Found a shadowy altar of Dithmenos.
  3541 | D:3      | Noticed an ogre
  3554 | D:3      | Killed an ogre
  3554 | D:3      | Reached skill level 5 in Conjurations
  3554 | D:3      | Reached skill level 1 in Earth Magic
  3755 | D:4      | Found a sand-covered staircase.
  3839 | Ossuary  | Entered an ossuary
  3861 | Ossuary  | Reached XP level 6. HP: 46/48 MP: 6/10
  3904 | Ossuary  | Reached * piety under Vehumet
  3904 | Ossuary  | Offered knowledge of Flame Tongue by Vehumet.
  4009 | Ossuary  | Slain by a scorpion

Vault maps used:
D:1:      dpeg_arrival_erosion
D:2:      lemuel_round_altar, lemuel_doored_altar
D:3:      chequers_ecumenical_altar_twisty, grunt_dithmenos_smoke
D:4:      kennysheep_vampire_church, demons_altar, kennysheep_mini_moat,
          overflow_temple_1_default, serial_shops, kennysheep_little_box,
          nicolae_ossuary_entry_giza, uniq_crazy_yiuf_cottage
Ossuary:  ossuary_minmay_scorpions

Skill      XL: |  1  2  3  4  5 |
---------------+----------------+-----
Stealth        | 2 |  2.9
Dodging        | 2 |  2.3
Fighting       | 1 2 |  2.2
Spellcasting   | 3 |  3.2
Conjurations   | 5 |  5.3
Earth Magic    | 1 |  1.6

Action                   |  1- 3 |  4- 6 || total
-------------------------+-------+-------++-------
Melee: Dagger            |   186 |   147 ||   333
       Unarmed           |     4 |       ||     4
       Tailslap          |    18 |    16 ||    34
 Cast: Magic Dart        |    21 |    38 ||    59
       Stone Arrow       |       |     7 ||     7
 Stab: Sleeping          |     2 |     5 ||     7
  Eat: Chunk             |     4 |     6 ||    10
Armor: Skin              |    95 |    66 ||   161
Dodge: Dodged            |   205 |   103 ||   308

Table legend:
 A = Spawn XP
 B = Non-spawn XP
 C = Spawn XP percentage of total XP
 D = Spawn monster count
 E = Non-spawn monster count
 F = Spawn count percentage of total count
 G = Total turns spent on level
                    A         B        C        D         E        F      G
               +---------+---------+-------+---------+---------+-------+---------
         Total |      21 |     422 |   4.7 |      15 |      68 |  18.1 |  4009
               +---------+---------+-------+---------+---------+-------+---------
           D:1 |       6 |      36 |  14.3 |       4 |      23 |  14.8 |  1265
           D:2 |       9 |      54 |  14.3 |       6 |      19 |  24.0 |  1139
           D:3 |       6 |     216 |   2.7 |       5 |      20 |  20.0 |  1307
           D:4 |       0 |      19 |   0.0 |       0 |       2 |   0.0 |   128
       Ossuary |       0 |      97 |   0.0 |       0 |       4 |   0.0 |   170
               +---------+---------+-------+---------+---------+-------+---------
